Unix NetHack Version 3.7.0-94 Work-in-progress - last build Dec 18 2023 00:11:04 (7e3deff068b9ef4f2ebb9a71ea0f5c4a3b578a14,branch:master). Game began 2024-01-01 14:45:24, ended 2024-01-01 16:30:47. McPanther, chaotic male human Monk ------- |..|..----- ----------------.........| |.^^^^..........e-aa.|...| |+------------.aa@a-.---.| |.........| --.|aaa.....| |........1| |.--.0----.| |.........| |.*|..00.0.| |.........| |-*........| |....<...1| |...|...|..| |.........| |.-.-----0.| |.........| |.........%| |.........| -------->.-- ----------- ---- McPanther the Initiate St:25 Dx:16 Co:12 In:11 Wi:10 Ch:9 Chaotic S:9485 Dlvl:5 $:3179 HP:0(66) Pw:37(37) AC:5 Xp:7/949 T:5401 Latest messages: A killer bee suddenly appears close by! The killer bee stings! The killer bee stings! The killer bee stings! The killer bee stings! The killer bee stings! The killer bee's sting was poisoned! The poison doesn't seem to affect you. The killer bee stings! The killer bee stings! The killer bee stings! The killer bee just misses! The killer bee stings! The killer bee stings! The killer bee stings! The killer bee's sting was poisoned! The poison doesn't seem to affect you. The killer bee stings! The killer bee stings! The killer bee stings! The killer bee stings! The killer bee stings! The killer bee stings! The killer bee stings! The killer bee stings! The killer bee stings! The killer bee's sting was poisoned! The poison doesn't seem to affect you. The killer bee stings! The killer bee stings! The killer bee stings! The killer bee stings! The killer bee stings! The killer bee stings! The killer bee stings! The killer bee stings! The killer bee stings! The killer bee stings! The killer bee stings! The killer bee stings! The killer bee stings! The killer bee stings! The killer bee's sting was poisoned! The poison doesn't seem to affect you. The killer bee stings! The killer bee stings! The killer bee stings! You die... Do you want your possessions identified? [ynq] (y) Do you want to see your attributes? [ynq] (y) Inventory: Coins $ - 3179 gold pieces Armor A - an uncursed +0 dwarvish iron helm (being worn) c - an uncursed +0 pair of gauntlets of power (being worn) e - an uncursed +0 pair of elven boots (being worn) T - an uncursed +0 cloak of invisibility i - a blessed greased fireproof +0 cloak of magic resistance (being worn) X - a blessed +1 dwarvish cloak y - an uncursed +0 mummy wrapping b - an uncursed +1 robe a - an uncursed +0 Hawaiian shirt with a jellyfish motif (being worn) Comestibles f - an uncursed tripe ration Scrolls W - an uncursed scroll of create monster q - 2 uncursed scrolls of earth B - an uncursed scroll of identify n - an uncursed scroll of taming G - 2 uncursed scrolls of teleportation Potions F - an uncursed potion of acid p - an uncursed potion of enlightenment L - an uncursed potion of extra healing r - 2 uncursed potions of fruit juice C - an uncursed potion of full healing o - an uncursed potion of gain level M - 5 uncursed potions of healing D - a cursed potion of healing U - an uncursed potion of object detection j - an uncursed potion of see invisible R - an uncursed potion of water Rings d - an uncursed ring of fire resistance Wands H - a cursed wand of cancellation (0:4) S - a wand of digging (0:7) v - a wand of secret door detection (0:11) V - a wand of secret door detection (0:10) s - a wand of speed monster (0:4) Tools E - a horn of plenty (0:13) x - an uncursed leash K - a cursed magic marker (0:20) l - a blessed oil lamp w - a +0 pick-axe z - an uncursed stethoscope Gems/Stones u - 2 uncursed worthless pieces of blue glass N - 2 uncursed worthless pieces of orange glass Q - an uncursed worthless piece of red glass Z - an uncursed worthless piece of violet glass J - an uncursed luckstone McPanther the Monk's attributes: Background: You were an Initiate, a level 7 male human Monk. You were chaotic, on a mission for Huan Ti who was opposed by Shan Lai Ching (lawful) and Chih Sung-tzu (neutral). You were right-handed. You were in Sokoban, on level 5. You entered the dungeon 5401 turns ago. You had 949 experience points, 331 more were needed to attain level 8. Your score was 9485 before end-of-game adjustments. Basics: You had 0 out of 66 hit points. You had all 37 energy points (spell power). Your armor class was 5. Your wallet contained 3179 zorkmids. Autopickup was off. Final Characteristics: Your strength was 25 (base:18/01, innate limit:18/100). Your dexterity was 16 (limit:18). Your constitution was 12 (limit:18). Your intelligence was 11 (limit:18). Your wisdom was 10 (peak:11, limit:18). Your charisma was 9 (limit:18). Final Status: You weren't hungry. You were unencumbered. You were empty handed. You were skilled in martial arts. Final Attributes: You were piously aligned. You were magic-protected. You were sleep resistant. You were poison resistant. You saw invisible. You were warned. You were stealthy. You were warded. You were fast. You were unlucky. You had extra luck. Bad luck did not time out for you. Good luck did not time out for you. Huan Ti was angry with you. You are dead. Miscellaneous: You encountered 1 bones level. Total elapsed playing time was 1 hour, 25 minutes and 42 seconds. Major events: Turn 1: McPanther the chaotic male human Monk entered the dungeon 1189: attained the rank of Novice (level 3) 1939: entered the Gnomish Mines 2090: reached Mine Town 2164: attained the rank of Initiate (level 6) 3460: made his first wish - "blessed greased fireproof +2 cloak of magic resistance", got "a greased tattered cape" 4019: destroyed lurchy's ghost, the former Conjurer 4226: entered Sokoban 4509: completed 1st Sokoban level 5401: killed by a killer bee, while frozen by a floating eye's gaze Vanquished creatures: a ghost a large mimic 2 small mimics a large cat a tengu a crocodile 2 giant beetles a wolf a giant spider a gnome ruler 2 werewolves a lizard a dog 3 apes a rope golem a Woodland-elf 2 Uruk-hai a rock piercer a fog cloud 2 yellow lights a violet fungus 5 gnome leaders a kobold mummy a gray ooze a ghoul 2 giant ants a little dog 2 floating eyes 10 dwarves a hill orc a rothe a rabid rat a giant bat a monkey a dwarf zombie a werejackal 2 iguanas an acid blob 3 hobbits 6 manes a hobgoblin 5 giant rats 3 cave spiders 25 gnomes 2 gnome zombies 2 geckos 5 jackals a kobold 2 goblins a sewer rat 2 grid bugs 5 bats 2 lichens 2 kobold zombies 7 newts 135 creatures vanquished. No species were genocided or became extinct. Voluntary challenges: You read items or engraved 18 times. You engraved Elbereth 1 time. You never genocided any monsters. You never polymorphed an object. You never changed form. You used 1 wish. You did not wish for any artifacts. You violated the special Sokoban rules thrice. Achievements: You entered a shop. You attained the rank of Novice. You entered the Gnomish Mines. You entered Minetown. You attained the rank of Initiate. You entered a temple. You entered Sokoban. The Dungeons of Doom: levels 1 to 9 Level 1: Level 2: A fountain. Level 3: Level 4: An armor shop. Stairs down to The Gnomish Mines. Level 5: Some altars, a fountain. Level 6: Many fountains. Oracle of Delphi. Level 7: A fountain, a grave. Stairs up to Sokoban, level 6. Level 8: Final resting place for lurchy-Wiz-Elf-Mal-Cha, killed by a rope golem. Level 9: A fountain. The Gnomish Mines: levels 5 to 8 Level 5: Level 6: Level 7: Level 8: Many shops, a temple and an altar, some fountains, some trees. Sokoban: levels 6 up to 5 Level 5: <- You were here. Unsolved. Final resting place for you, killed by a killer bee, while frozen by a floating eye's gaze. Level 6: Solved. Game over: ---------- / \ / REST \ / IN \ / PEACE \ / \ | McPanther | | 3179 Au | | killed by a | | killer bee | | | | | | 2024 | *| * * * | * _________)/\\_//(\/(/\)/\//\/|_)_______ Goodbye McPanther the Monk... You died in Sokoban on dungeon level 5 with 9168 points, and 3179 pieces of gold, after 5401 moves. You were level 7 with a maximum of 66 hit points when you died.